[Event "European Individual Women's Chess Championship 2017"]
[Site "Riga LAT"]
[Date "2017.04.21"]
[Round "10.47"]
[White "Gundogan, Sinem Cagla"]
[Black "Sedina, Elena"]
[Result "0-1"]
[LiveChessVersion "1.4.8"]
[BlackElo "2253"]
[WhiteElo "1885"]
[ECO "C02"]
[TimeControl "40/5400:1800+30"]

1. e4 e6 2. d4 d5 3. e5 c5 4. c3 Nc6 5. Nf3 Bd7 6. a3 Nge7 7. b4 cxd4 8. cxd4 Rc8 9. Be3 Nf5 10. Bd3 b5 11. Bxb5 Nxe5 12. Bxd7+ Nxd7 13. O-O Nxe3 14. fxe3 Bd6 15. Qd3 Qc7 16. Nbd2 O-O 17. e4 dxe4 18. Nxe4 h6 19. Ra2 Be7 20. Raf2 Rfd8 21. Qe3 Nf6 22. Ne5 Nxe4 23. Qxe4 f5 24. Qe3 Qc3 25. Nd3 Qc4 26. Nc5 Rc6 27. Qf3 Rb6 28. Re1 Bf6 29. Kh1 Bxd4 30. Rd2 Bf6 31. Rxd8+ Bxd8 32. Qa8 Rd6 33. h3 Kh7 34. Qb8 Qd5 35. Nb7 Bh4 36. Qxd6 Bxe1 37. Kg1 Qxb7 0-1

[Event "European Individual Women's Chess Championship 2017"]
[Site "Riga LAT"]
[Date "2017.04.21"]
[Round "10.48"]
[White "Komiagina, Maria"]
[Black "Olde, Margareth"]
[Result "0-1"]
[LiveChessVersion "1.4.8"]
[BlackElo "2110"]
[WhiteElo "2247"]
[ECO "B48"]
[TimeControl "40/5400:1800+30"]

1. e4 c5 2. Nf3 Nc6 3. d4 cxd4 4. Nxd4 e6 5. Nc3 Qc7 6. Be3 a6 7. Bd3 Nf6 8. O-O Ne5 9. h3 Bc5 10. Na4 Ba7 11. c4 d6 12. Rc1 Bd7 13. Nc3 O-O 14. b3 Bc5 15. a4 Qa5 16. Nce2 Rac8 17. Kh1 Bc6 18. Ng3 Ng6 19.
Nxc6 bxc6 20. Qe2 Bxe3 21. Qxe3 Rb8 22. Bc2 e5 23. Nf5 Qc7 24. Qg5 Ne8 25. Rcd1 f6 26. Qd2 Rd8 27. b4 Nf4 28. Bb3 Kh8 29. c5 d5 30. Ne3 d4 31. Nf5 g6 32. Nh4 Ng7 33. g3 Qd7 34. g4 g5 35. Nf5 Nxf5 36. exf5 Nxh3 37. Rfe1 Nf4 38. Kh2 h5 39. Kg3 Kg7 40. Qc2 hxg4 41. Kxg4 Rh8 42. Rh1 Rxh1 43. Rxh1 d3 44. Qc4 Qd5 45. Qxd5 Nxd5 46. Bxd5 Rxd5 47. Kf3 Rd4 48. Rb1 g4+ 49. Ke3 d2 50. Rd1 Rxb4 51. Rxd2 Rc4 52. Rd7+ Kh6 53. Ra7 Rxc5 54. Rxa6 Kg5 55. Ke4 Rc2 56. a5 Re2+ 57. Kd3 Rxf2 58. Rxc6 Ra2 0-1

[Event "European Individual Women's Chess Championship 2017"]
[Site "Riga LAT"]
[Date "2017.04.21"]
[Round "10.49"]
[White "Mammadova, Narmin"]
[Black "Vidruska, Renate"]
[Result "1/2-1/2"]
[LiveChessVersion "1.4.8"]
[BlackElo "2093"]
[WhiteElo "2240"]
[ECO "A06"]
[TimeControl "40/5400:1800+30"]

1. Nf3 d5 2. g3 Nf6 3. Bg2 Bf5 4. c4 c6 5. O-O e6 6. b3 h6 7. Bb2 Be7 8. d3 O-O 9. Nbd2 a5 10. a3 Bh7 11. Qc2 Nbd7 12. Rad1 Qb6 13. Qc1 Rfe8 14. Qa1 Bf8 15. Rfe1 Bc5 16. d4 Bf8 17. Rc1 Rac8 18. e3 Qa7 19. h3 b5 20. c5 Ra8 21. Red1 Qc7 22. Nf1 Ne4 23. Qa2 Ra7 24. Ba1 Qd8 25. Qe2 Qe7 26. N3d2 Nxd2 27. Qxd2 e5 28. dxe5 Nxe5 29. Qe2 a4 30. f4 Nd7 31. b4 Nf6 32. Bd4 Be4 33. Nd2 Bxg2 34. Kxg2 Ne4 35. Nf3 Qe6 36. Kh2 Be7 37. Rg1 Bf6 38. Ne5 Bxe5 39. Bxe5 Rd7 40. Bd4 f6 41. Rcf1 Rf7 42. g4 Kf8 43. Rf3 Ke7 44. Kg2 Kd7 45. Kf1 Rff8 46. Ke1 Rh8 47. Kd1 Rhg8 48. Kc1 Kc8 49. Kb2 Qd7 50. Rg2 Re7 51. Qf1 Rge8 52. h4 Rf8 53. Qe2 1/2-1/2

[Event "European Individual Women's Chess Championship 2017"]
[Site "Riga LAT"]
[Date "2017.04.21"]
[Round "10.50"]
[White "Balaian, Alina"]
[Black "Krumina, Linda"]
[Result "1-0"]
[LiveChessVersion "1.4.8"]
[BlackElo "2090"]
[WhiteElo "2229"]
[ECO "B21"]
[TimeControl "40/5400:1800+30"]

1. e4 c5 2. d4 cxd4 3. c3 d3 4. Bxd3 Nc6 5. Nf3 d6 6. O-O g6 7. Bc4 Qc7 8. Na3 a6 9. Re1 Bg7 10. Bf4 Ne5 11. Bb3 Bg4 12. Bxe5 dxe5 13. Bxf7+ Kf8 14. Bb3 Rd8 15. Qe2 Bf6 16. Ng5 Bxg5 17. Qxg4 Bf6 18. Rad1 Nh6 19. Rxd8+ Qxd8 20. Rd1 Qb8 21. Qe6 Kg7 22. Rd7 Rd8 23. Rxe7+ 1-0

[Event "European Individual Women's Chess Championship 2017"]
[Site "Riga LAT"]
[Date "2017.04.21"]
[Round "10.51"]
[White "Stetsko, Lanita"]
[Black "Makka, Ioulia"]
[Result "0-1"]
[LiveChessVersion "1.4.8"]
[BlackElo "2069"]
[WhiteElo "2226"]
[ECO "B16"]
[TimeControl "40/5400:1800+30"]

1. e4 c6 2. d4 d5 3. Nc3 dxe4 4. Nxe4 Nf6 5. Nxf6+ gxf6 6. c3 Nd7 7. Nf3 Nb6 8. g3 Bf5 9. Nh4 Be6 10. Bg2 Qd7 11. O-O Bh3 12. a4 Bxg2 13. Nxg2 f5 14. Qh5 Nd5 15. Ne3 e6 16. Nxd5 cxd5 17. Bg5 Bg7 18. Rfe1 h6 19. Bf4 Kf8 20. Be5 Bxe5 21. Rxe5 Rc8 22. Qf3 Rg8 23. b3 Rg4 24. Qe3 Kg7 25. f3 Rg6 26. Rc1 Rc6 27. Qd3 h5 28. Rc2 h4 29. Kg2 hxg3 30. hxg3 Qc7 31. f4 f6 32. Re3 Qxf4 33. Rf2 Qc7 34. c4 dxc4 35. bxc4 f4 36. Ref3 fxg3 37. Rc2 Qd6 38. Rb2 Rc7 39. Rb5 b6 40. d5 Qd7 41. Rxg3 Rxg3+ 42. Qxg3+ Kf8 43. Qf4 Qg7+ 44. Kf2 e5 45. Qe4 Qh6 46. Rb1 Qh2+ 47. Ke3 Rg7 48. Rf1 Rg3+ 49. Rf3 Qg1+ 50. Kd3 Qd1+ 51. Ke3 Rxf3+ 52. Qxf3 Qd4+ 53. Ke2 Qxc4+ 54. Ke1 Qb4+ 55. Ke2 Ke7 56. Qd3 Qg4+ 57. Ke1 Qg1+ 58. Ke2 Qg2+ 59. Ke1 Kd6 60. Qa6 Qxd5 61. Qxa7 Qa5+ 0-1

[Event "European Individual Women's Chess Championship 2017"]
[Site "Riga LAT"]
[Date "2017.04.21"]
[Round "10.52"]
[White "Zherebtsova, Alexandra"]
[Black "Sinitsina, Anastassia"]
[Result "1-0"]
[LiveChessVersion "1.4.8"]
[BlackElo "2052"]
[WhiteElo "2222"]
[ECO "A49"]
[TimeControl "40/5400:1800+30"]

1. d4 Nf6 2. Nf3 g6 3. g3 Bg7 4. Bg2 O-O 5. O-O d5 6. Nbd2 Nbd7 7. e3 c5 8. b3 e6 9. Bb2 b6 10. Rc1 Ba6 11. Re1 Rc8 12. c4 Re8 13. Rc2 cxd4 14. exd4 Bb7 15. Ne5 Qc7 16. b4 dxc4 17. Rxc4 Qb8 18. Nc6 Qa8 19. b5 Bf8 20. Qb3 Nd5 21. Rec1 N7f6 22. Nf3 Bxc6 23. Rxc6 a6 24. a4 axb5 25. axb5 Qb7 26. Ne5 Red8 27. R1c4 Bd6 28. h3 Ra8 29. Bc1 Qa7 30. Bg5 Bxe5 31. dxe5 Qa1+ 32. Rc1 Qxe5 33. Bxf6 Nxf6 34. Rxb6 Ra1 35. Rbc6 Rd2 36. Qb4 Rd1+ 37. Rxd1 Rxd1+ 38. Kh2 Nd7 39. b6 Rd4 40. Qc3 Kg7 41. b7 Kf6 42. Rc8 Ra4 43. Qxe5+ Kxe5 44. Rd8 1-0

[Event "European Individual Women's Chess Championship 2017"]
[Site "Riga LAT"]
[Date "2017.04.21"]
[Round "10.53"]
[White "Semenova, Elena"]
[Black "Chan, Naruna"]
[Result "1-0"]
[LiveChessVersion "1.4.8"]
[BlackElo "1981"]
[WhiteElo "2212"]
[ECO "B31"]
[TimeControl "40/5400:1800+30"]

1. e4 c5 2. Nf3 Nc6 3. Bb5 g6 4. Bxc6 bxc6 5. O-O Bg7 6. c3 Nh6 7. d3 f6 8. h3 Nf7 9. Be3 d6 10. Nh2 e5 11. d4 cxd4 12. cxd4 O-O 13. Nc3 f5 14. dxe5 Nxe5 15. Qb3+ Kh8 16. f4 Nf7 17. Nf3 fxe4 18. Nxe4 Qe7 19. Neg5 Nxg5 20. Nxg5 h6 21. Nf3 Be6 22. Qa3 Rab8 23. Ne5 Qe8 24. Qxd6 Rxb2 25. Bd4 Rb8 26. Nxc6 Rc8 27. Ne7 Qxe7 28. Qxe7 Bxd4+ 29. Kh1 Bxa1 30. Rxa1 Rce8 31. Qxa7 Rxf4 32. Rc1 Rf7 33. Qe3 Kh7 34. a4 Rfe7 35. Qd4 Rd7 36. Qf6 Rf7 37. Qe5 Bd7 38. Qd4 Bf5 39. a5 Be4 40. a6 Ba8 41. Rc2 g5 42. Rb2 Ref8 43. Kh2 Rf4 44. Qd3+ Be4 45. Rb7+ Kg6 46. Rb6+ Kh7 47. Qd6 1-0

[Event "European Individual Women's Chess Championship 2017"]
[Site "Riga LAT"]
[Date "2017.04.21"]
[Round "10.54"]
[White "Kazarian, Anna-Maja"]
[Black "Otikova, Elina"]
[Result "1-0"]
[LiveChessVersion "1.4.8"]
[BlackElo "2049"]
[WhiteElo "2257"]
[ECO "C96"]
[TimeControl "40/5400:1800+30"]

1. e4 e5 2. Nf3 Nc6 3. Bb5 a6 4. Ba4 Nf6 5. O-O Be7 6. Re1 b5 7. Bb3 d6 8. c3 O-O 9. h3 Na5 10. Bc2 d5 11. Nxe5 dxe4 12. b4 Bd6 13. d4 exd3 14. Qxd3 Bxe5 15. Rxe5 Nc4 16. Rc5 Bb7 17. Bg5 Qxd3 18. Bxd3 Nb2 19. Bc2 Be4 20. Bb3 c6 21. Bxf6 gxf6 22. Nd2 Bd5 23. Bxd5 cxd5 24. Rxd5 Rad8 25. Ne4 Kg7 26. Rxd8 Rxd8 27. Nc5 Rd6 28. a4 Rd2 29. axb5 axb5 30. Ra5 Nd1 31. Rxb5 Nxc3 32. Rb7 Rb2 33. Nd3 Rd2 34. Nf4 Rb2 35. h4 Na2 36. b5 Nc3 37. b6 Rb4 38. g3 Na4 39. Ne6+ Kg6 40. Nf8+ Kg7 41. Nd7 Kg6 42. Rb8 Kg7 43. b7 Rb5 44. Kf1 Nb2 45. Nc5 Rxc5 46. Rg8+ Kxg8 47. b8=Q+ Kg7 48. Qxb2 h6 49. Qd4 Re5 50. f4 Re6 51. g4 Kh7 52. Kf2 Kg8 53. Kf3 Kh7 54. f5 Re5 55. Kf4 Kg7 56. Qxe5 fxe5+ 57. Kxe5 Kf8 58. Kf6 Kg8 59. Ke7 1-0

[Event "European Individual Women's Chess Championship 2017"]
[Site "Riga LAT"]
[Date "2017.04.21"]
[Round "10.55"]
[White "Osmanodja, Filiz"]
[Black "De Seroux, Camille"]
[Result "1-0"]
[LiveChessVersion "1.4.8"]
[BlackElo "2122"]
[WhiteElo "2370"]
[ECO "B63"]
[TimeControl "40/5400:1800+30"]

1. e4 c5 2. Nf3 Nc6 3. d4 cxd4 4. Nxd4 Nf6 5. Nc3 d6 6. Bg5 e6 7. Qd2 Qb6 8. Nb3 Be7 9. Bxf6 gxf6 10. a4 Na5 11. Bb5+ Bd7 12. Bxd7+ Kxd7 13. Nxa5 Qxa5 14. O-O Rac8 15. Ra3 a6 16. Rb3 Rc7 17. Qh6 Qg5 18. Qh3 Ke8 19. f4 Qc5+ 20. Kh1 h5 21. Qf3 h4 22. e5 dxe5 23. Rxb7 Rxb7 24. Qxb7 Kf8 25. Qxa6 exf4 26. Rxf4 Qg5 27. Qf1 f5 28. a5 Kg7 29. h3 Bd6 30. Rf3 Ra8 31. Qd1 Qe7 32. Qd4+ Kg8 33. Rd3 Bc7 34. Ne2 Rxa5 35. c4 Qb4 36. Rd1 Qe7 37. Ng1 Qg5 38. Nf3 Qg3 39. Qxh4 Qxh4 40. Nxh4 Ra2 41. Rb1 Bg3 42. Nf3 e5 43. Kg1 e4 44. Nd4 Be5 45. Nxf5 Bxb2 46. Re1 Ba3 47. Rxe4 Bc5+ 48. Kh2 Rc2 49. h4 Kh7 50. h5 Rf2 51. Re5 Ba7 52. Kh3 Rf4 53. c5 Rc4 54. Re7 Bxc5 55. Rxf7+ Kh8 56. h6 Bf2 57. g4 Rc3+ 58. Kg2 Be1 59. g5 Rc2+ 60. Kf3 Bd2 61. g6 Bxh6 62. Rh7+ Kg8 63. Nxh6+ Kf8 64. g7+ 1-0

[Event "European Individual Women's Chess Championship 2017"]
[Site "Riga LAT"]
[Date "2017.04.21"]
[Round "10.56"]
[White "Caglar, Sila"]
[Black "Worek, Joanna"]
[Result "0-1"]
[LiveChessVersion "1.4.8"]
[BlackElo "2330"]
[WhiteElo "2093"]
[ECO "B32"]
[TimeControl "40/5400:1800+30"]

1. e4 c5 2. Nf3 Nc6 3. d4 cxd4 4. Nxd4 Qb6 5. Nb3 Nf6 6. Nc3 e6 7. Be3 Qc7 8. a3 a6 9. g3 b5 10. Bg2 Bb7 11. O-O Be7 12. f4 d6 13. Qe2 O-O 14. g4 Rfe8 15. g5 Nd7 16. Qf2 Bf8 17. h4 b4 18. axb4 Nxb4 19. Na5 Rac8 20. Nxb7 Qxb7 21. Kh1 Rc4 22. Rad1 Nc6 23. Bc1 Nc5 24. Qe2 Rd4 25. Rde1 Rb4 26. b3 Qc7 27. Ba3 Rbb8 28. h5 Nd4 29. Qd2 Nb5 30. Nxb5 axb5 31. Bb2 Rbc8 32. Bf3 e5 33. f5 d5 34. exd5 e4 35. Bg2 Bd6 36. h6 Be5 37. Bxe5 Qxe5 38. hxg7 e3 39. Qe2 Ne4 40. Bxe4 Qxe4+ 41. Qg2 Qh4+ 42. Qh2 Qe4+ 43. Qg2 Qd4 44. Re2 Re4 45. Qf3 Rh4+ 46. Kg2 Re8 47. c3 Qxc3 48. Rh1 Rxh1 49. Kxh1 Qd4 50. Kg2 Kxg7 51. Kh3 Re5 52. d6 b4 53. Qg3 Qe4 54. Kh2 Qd5 55. Kh3 Rxf5 56. Rxe3 Rxg5 57. Qf3 Qxd6 58. Re4 Qh6+ 59. Rh4 Qe6+ 60. Kh2 Qe1 61. Rg4 Qd2+ 62. Kh3 h6 63. Qg3 Kg6 64. Qf3 Kg7 65. Qg3 Qd5 66. Kh2 Qd2+ 67. Kh3 Qd7 0-1

[Event "European Individual Women's Chess Championship 2017"]
[Site "Riga LAT"]
[Date "2017.04.21"]
[Round "10.57"]
[White "Movileanu, Daniela"]
[Black "Azimova, Karina"]
[Result "1/2-1/2"]
[LiveChessVersion "1.4.8"]
[BlackElo "2072"]
[WhiteElo "2213"]
[ECO "B03"]
[TimeControl "40/5400:1800+30"]

1. e4 Nf6 2. e5 Nd5 3. d4 d6 4. c4 Nb6 5. exd6 cxd6 6. Nc3 g6 7. Be3 Bg7 8. Rc1 O-O 9. b3 Bf5 10. Be2 d5 11. c5 Nc8 12. Bf3 e5 13. dxe5 Nc6 14. g4 Be6 15. Bxd5 Nxe5 16. h3 Qa5 17. Bxe6 fxe6 18. Kf1 Rd8 19. Qc2 Nd3 20. Rd1 Bxc3 21. Rxd3 Qa6 22. Ke2 Bf6 23. Nf3 Ne7 24. Qc4 Rxd3 25. Qxd3 Qxa2+ 26. Nd2 Nd5 27. Kf3 Rd8 28. Ne4 Bh4 29. g5 Rf8+ 30. Kg4 Nxe3+ 31. Qxe3 Bxf2 32. Nxf2 Qxf2 33. Qxe6+ Rf7 34. Qe8+ Rf8 35. Qe6+ Rf7 36. Qe8+ Rf8 1/2-1/2

[Event "European Individual Women's Chess Championship 2017"]
[Site "Riga LAT"]
[Date "2017.04.21"]
[Round "10.58"]
[White "Baptista, Ana Filipa"]
[Black "Paramzina, Anastasya"]
[Result "0-1"]
[LiveChessVersion "1.4.8"]
[BlackElo "2202"]
[WhiteElo "2071"]
[ECO "B51"]
[TimeControl "40/5400:1800+30"]

1. e4 c5 2. Nf3 d6 3. Bb5+ Nd7 4. O-O a6 5. Bxd7+ Bxd7 6. e5 Bg4 7. h3 Bh5 8. Re1 e6 9. d3 Ne7 10. Nbd2 Nc6 11. exd6 Bxd6 12. Ne4 Be7 13. Be3 b6 14. Ng3 Bg6 15. Bf4 O-O 16. Qd2 Qd5 17. Bc7 b5 18. a4 Bf6 19. Qc1 Rfc8 20. Bf4 c4 21. dxc4 Qxc4 22. axb5 Nb4 23. b6 Qb5 24. Bc7 Nxc2 25. Ne4 Bxe4 26. Rxe4 Nxa1 27. Qxa1 Bd8 28. Re5 Qc6 29. Nd4 Qb7 30. Nf5 Bxc7 31. Nh6+ gxh6 32. bxc7 Qxc7 33. Re1 Qf4 0-1

[Event "European Individual Women's Chess Championship 2017"]
[Site "Riga LAT"]
[Date "2017.04.21"]
[Round "10.59"]
[White "Pavlidou, Ekaterini"]
[Black "Grapsa, Georgia"]
[Result "1/2-1/2"]
[LiveChessVersion "1.4.8"]
[BlackElo "2049"]
[WhiteElo "2180"]
[ECO "E44"]
[TimeControl "40/5400:1800+30"]

1. d4 Nf6 2. c4 e6 3. Nc3 Bb4 4. e3 b6 5. Nge2 Ne4 6. Qc2 Bb7 7. f3 Nxc3 8. Nxc3 Qh4+ 9. Qf2 Bxc3+ 10. bxc3 Qxf2+ 11. Kxf2 d6 12. e4 Nc6 13. Be3 Ba6 14. Rb1 O-O 15. Be2 Na5 16. c5 Bxe2 17. Kxe2 dxc5 18. dxc5 Nc4 19. Rb4 Nxe3 20. Kxe3 Rfd8 21. Rd4 Kf8 22. Rhd1 Ke7 23. Rxd8 1/2-1/2

[Event "European Individual Women's Chess Championship 2017"]
[Site "Riga LAT"]
[Date "2017.04.21"]
[Round "10.60"]
[White "Ozbay, Ece"]
[Black "Gueci, Tea"]
[Result "1/2-1/2"]
[LiveChessVersion "1.4.8"]
[BlackElo "2132"]
[WhiteElo "2035"]
[ECO "B11"]
[TimeControl "40/5400:1800+30"]

1. e4 c6 2. Nc3 d5 3. Nf3 Bg4 4. h3 Bxf3 5. Qxf3 e6 6. d3 g6 7. Bd2 Bg7 8. g3 Nd7 9. Bg2 Ne7 10. O-O O-O 11. Qe2 Re8 12. f4 Qb6+ 13. Kh2 Qxb2 14. Rab1 Qa3 15. e5 Qa6 16. Qf2 b5 17. d4 Nb6 18. g4 Nc4 19. Bc1 Qa5 20. Qg3 Kh8 21. a3 Rab8 22. h4 b4 23. axb4 Rxb4 24. Rxb4 Qxb4 25. Bh3 c5
26. Ne2 cxd4 27. Nxd4 Nd2 28. Rd1 Ne4 29. Qe3 Rc8 30. Bg2 Nc3
31. Rd3 Nb5 32. Nxb5 Qxb5 33. Qxa7 Rxc2 34. Qxe7 h6 35. Ra3 Qe2
36. Rg3 Rxc1 37. Qxf7 Qf2 38. h5 gxh5 39. gxh5 Rh1+ 40. Kxh1 Qxg3 41. Qxe6 Qe1+ 42. Kh2 Qh4+ 43. Kg1 Qe1+ 1/2-1/2